 Dungeon Crawl Stone Soup version 0.21.1-1-g345015fe64 (webtiles) character file.

26119 JOKERXD40 the Impaler (level 12, -8/113 HPs)
             Began as a Minotaur Berserker on June 25, 2018.
             Was a High Priest of Trog.
             Blown up by a great orb of eyes (40 damage)
             ... with a disintegration bolt
             ... on level 1 of the Pits of Slime.
             The game lasted 00:40:23 (12069 turns).

JOKERXD40 the Impaler (Minotaur Berserker)         Turns: 12069, Time: 00:40:23

Health: -8/113     AC: 17    Str: 28    XL:     12   Next: 95%
Magic:  11/11      EV: 10    Int:  8    God:    Trog [*****.]
Gold:   899        SH:  0    Dex: 11    Spells: 11/11 levels left

rFire    . . .     SeeInvis .   J - +2 glaive (protect)
rCold    . . .     Gourm    .   (shield currently unavailable)
rNeg     . . .     Faith    .   h - +0 plate armour
rPois    +         Spirit   .   (helmet restricted)
rElec    .         Reflect  .   l - +0 cloak {rPois}
rCorr    +         Harm     .   I - +1 pair of gloves "Xuxkuv" {MR- Str+2 Int+4 Dex+2}
MR       .....                  D - +1 pair of boots
Stlth    ..........             (no amulet)
HPRegen  0.28/turn              v - ring of stealth
MPRegen  0.12/turn              i - ring of resist corrosion

@: confused, berserk cooldown, slowed, very slow
A: retaliatory headbutt, horns 2, clumsy 1, deformed body
a: Berserk, Trog's Hand, Brothers in Arms, Burn Spellbooks, Renounce Religion


You were on level 1 of the Pits of Slime.
You worshipped Trog.
Trog was extremely pleased with you.
You were very hungry.

You visited 3 branches of the dungeon, and saw 14 of its levels.
You also visited: Sewer.

You collected 899 gold pieces.

Inventory:

Hand Weapons
 r - a +3 halberd of venom
 F - a +0 hand crossbow
 J - a +2 glaive of protection (weapon)
Missiles
 p - 4 javelins of returning (quivered)
Armour
 h - a +0 plate armour (worn)
 l - a +0 cloak of poison resistance (worn)
 B - a cursed +0 buckler
 D - a +1 pair of boots (worn)
 I - the +1 pair of gloves "Xuxkuv" (worn) {MR- Str+2 Int+4 Dex+2}
   (You found it on level 4 of the Lair of Beasts)

   It affects your strength (+2).
   It affects your intelligence (+4).
   It affects your dexterity (+2).
   It affects your resistance to hostile enchantments.
Jewellery
 i - a ring of resist corrosion (right hand)
 v - a ring of stealth (left hand)
Wands
 k - a wand of digging (10)
 A - a wand of random effects (14)
Scrolls
 d - 5 scrolls of identify
 f - 3 scrolls of immolation
 n - 5 scrolls of teleportation
 o - 2 scrolls of random uselessness {unknown}
 s - 2 scrolls of enchant armour {unknown}
 u - 3 scrolls of fear
 w - 2 scrolls of magic mapping {unknown}
 x - a scroll of amnesia {unknown}
 E - 2 scrolls of remove curse
 L - a scroll of torment {unknown}
Potions
 e - 5 potions of curing
 j - 4 potions of flight
 m - 2 potions of magic {unknown}
 q - 2 potions of brilliance {unknown}
 t - 3 potions of might
 z - 2 potions of ambrosia
 C - a potion of cancellation {unknown}
 M - a potion of berserk rage {unknown}
Books
 a - Ittenwagy's Disquisition on Flying Conjuration
   (You found it on level 5 of the Dungeon)

   Spells                             Type                      Level
   a - Magic Dart                     Conjuration                  1
   b - Shock                          Conjuration/Air              1
   c - Stone Arrow                    Conjuration/Earth            3
   d - Iskenderun's Mystic Blast      Conjuration                  4
   e - Fireball                       Conjuration/Fire             5
   f - Conjure Ball Lightning         Conjuration/Air              6
   Trog disapproves of the use of such an item.
 y - a book of Minor Magic

   Spells                             Type                      Level
   a - Magic Dart                     Conjuration                  1
   b - Blink                          Translocation                2
   c - Call Imp                       Summoning                    2
   d - Slow                           Hexes                        2
   e - Conjure Flame                  Conjuration/Fire             3
   f - Mephitic Cloud                 Conjuration/Poison/Air       3
   Trog disapproves of the use of such an item.
Miscellaneous
 G - a phial of floods
 H - a lightning rod (4/4)
 K - a crystal ball of energy
Comestibles
 c - 21 rations


   Skills:
 + Level 12.4 Fighting
   Level 7.2(13.1) Axes
 + Level 16.7(17.1) Polearms
 + Level 4.2 Throwing
 + Level 11.9 Armour
 + Level 4.4 Dodging
 + Level 1.5 Stealth


You had 11 spell levels left.
You didn't know any spells.

Dungeon Overview and Level Annotations

Branches:
Dungeon (8/15)             Temple (0/1) D:7            Lair (5/6) D:8
  Swamp (0/4) Lair:4       Spider (0/4) Lair:3        Slime (1/5) Lair:5

Altars:
Cheibriados
Dithmenos
Hepliaklqana
Makhleb
Nemelex Xobeh
Okawaru
Qazlal
Sif Muna
Trog
Uskayaw
Xom


Innate Abilities, Weirdness & Mutations

You reflexively headbutt those who attack you in melee.
You have a pair of horns on your head.
You are clumsy. (Dex -2)
Armour fits poorly on your strangely shaped body.


Message History

The great orb of eyes gazes at you.
You are blasted!
* * * LOW HITPOINT WARNING * * *
The great orb of eyes gazes at you.
You are more confused.
You're too confused!
You barely miss the great orb of eyes.
You are splashed with acid!
The wall burns you! You resist.
* * * LOW HITPOINT WARNING * * *
The great orb of eyes gazes at you.
You are more confused.
You feel much better.
You are splashed with acid!
The wall burns you! You resist.
* * * LOW HITPOINT WARNING * * *
The great orb of eyes closely misses you.
You are splashed with acid!
The walls burn you! You resist.
* * * LOW HITPOINT WARNING * * *
The great orb of eyes gazes at you.
You are blasted!
You die...

#.. ... . ###.# ##...
##.#.##.#..#
#######.........
##.#.#.##.#....#
##.............####.
##.......##.#....#...
##.........##@G.......
#.....................
###....................
##.#..#....>............
##.....##................
#..........>..##....#....
.........................
#......................##
#................#.......


You could see a great orb of eyes.

Vanquished Creatures
  An azure jelly (Slime:1)
  5 hydras
  A catoblepas (Lair:4)
  A two-headed ogre (D:8)
  Pikel (D:6)
  A shining eye (Slime:1)
  4 black mambas
  2 rime drakes
  9 spiny frogs
  4 komodo dragons
  A polar bear (Lair:4)
  3 blink frogs (Lair:2)
  Grinder (D:3)
  4 slime creatures (Slime:1)
  3 hippogriffs
  3 spriggans (Lair:4)
  4 wyverns
  2 basilisks
  25 yaks
  Eustachio (D:6)
  A hungry ghost (D:7)
  Menkaure (D:6)
  5 water moccasins
  9 porcupines
  2 ice beasts
  A slave (D:6)
  3 orc warriors
  An eye of draining (Slime:1)
  2 phantoms (D:4)
  A sky beast (D:8)
  A necrophage (D:7)
  A wolf (Lair:4)
  2 centaurs
  3 ogres
  4 crocodiles
  6 big kobolds
  7 bullfrogs
  A gnoll sergeant (D:8)
  3 scorpions
  A water moccasin skeleton (D:8)
  11 killer bees (D:8)
  2 crimson imps
  19 jellies
  Crazy Yiuf (D:6)
  3 bullfrog skeletons
  A centaur skeleton (D:7)
  2 orc priests
  2 iguanas
  6 orc wizards
  4 worker ants
  2 hound skeletons
  A howler monkey zombie (D:5)
  17 adders
  8 gnolls
  4 river rats
  2 shadow imps
  14 oozes
  7 worms
  A dart slug (D:4)
  3 leopard geckos
  30 orcs
  3 ball pythons
  3 bats
  6 giant cockroaches
  6 goblins
  9 hobgoblins
  9 jackals
  6 quokkas
  4 frilled lizards
  A jackal skeleton (D:7)
  19 kobolds
  A leopard gecko skeleton (D:4)
  14 rats
  3 plants
355 creatures vanquished.

Vanquished Creatures (others)
  A crimson imp (D:6)
  A fungus (Lair:4)
2 creatures vanquished.

Grand Total: 357 creatures vanquished

Notes
Turn   | Place    | Note
-------+----------+-------------------------------------------
     0 | D:1      | JOKERXD40 the Minotaur Berserker began the quest for the Orb.
     0 | D:1      | Reached XP level 1. HP: 19/19 MP: 0/0
    80 | D:1      | Reached XP level 2. HP: 15/27 MP: 1/1
   526 | D:1      | Reached XP level 3. HP: 33/33 MP: 2/2
   542 | D:1      | Reached ** piety under Trog
  1062 | D:2      | Reached skill level 5 in Axes
  1062 | D:2      | Reached XP level 4. HP: 30/41 MP: 3/3
  1605 | D:2      | Noticed an ogre
  1612 | D:2      | Killed an ogre
  1612 | D:2      | Reached skill level 5 in Fighting
  1612 | D:2      | Reached XP level 5. HP: 48/48 MP: 4/4
  1680 | D:2      | Found a shadowy altar of Dithmenos.
  1991 | D:3      | Noticed Grinder
  2001 | D:3      | Killed Grinder
  2001 | D:3      | Reached XP level 6. HP: 56/56 MP: 5/5
  2441 | D:4      | Reached XP level 7. HP: 31/61 MP: 6/6
  2673 | D:4      | Reached *** piety under Trog
  2673 | D:4      | Reached skill level 5 in Armour
  3135 | D:4      | Reached skill level 1 in Polearms
  3143 | D:4      | Reached skill level 1 in Throwing
  3255 | D:4      | Noticed a wyvern
  3261 | D:4      | Killed a wyvern
  3261 | D:4      | Reached skill level 2 in Polearms
  3356 | D:5      | Entered Level 5 of the Dungeon
  3363 | D:5      | Reached XP level 8. HP: 54/70 MP: 7/7
  3396 | D:5      | Received a gift from Trog
  3398 | D:5      | Reached skill level 3 in Polearms
  3456 | D:5      | Identified Ittenwagy's Disquisition on Flying Conjuration
  3580 | D:5      | Reached skill level 1 in Stealth
  3589 | D:5      | Found a glowing drain.
  3597 | Sewer    | Entered a sewer
  3674 | Sewer    | Reached skill level 4 in Polearms
  3809 | Sewer    | Reached skill level 5 in Polearms
  4015 | Sewer    | Reached **** piety under Trog
  4162 | D:5      | Reached skill level 6 in Polearms
  4244 | D:5      | Found a deep blue altar of Sif Muna.
  4321 | D:5      | Found a sparkling altar of Nemelex Xobeh.
  4528 | D:6      | Reached XP level 9. HP: 77/79 MP: 8/8
  4551 | D:6      | Noticed Pikel
  4559 | D:6      | Killed Pikel
  4559 | D:6      | Reached skill level 7 in Polearms
  4717 | D:6      | Reached skill level 8 in Polearms
  4957 | D:6      | Noticed Eustachio
  4964 | D:6      | Killed Eustachio
  4966 | D:6      | Reached skill level 9 in Polearms
  4975 | D:6      | Noticed Menkaure
  4984 | D:6      | Killed Menkaure
  5478 | D:6      | Found a runed door.
  5482 | D:6      | Noticed Crazy Yiuf
  5485 | D:6      | Killed Crazy Yiuf
  6000 | D:7      | Found an iron altar of Okawaru.
  6001 | D:7      | Found a snail-covered altar of Cheibriados.
  6003 | D:7      | Found a hide-covered altar of Uskayaw.
  6008 | D:7      | Found a stormy altar of Qazlal.
  6008 | D:7      | Found a hazy altar of Hepliaklqana.
  6008 | D:7      | Found a shimmering altar of Xom.
  6014 | D:7      | Found a burning altar of Makhleb.
  6063 | D:7      | Found a staircase to the Ecumenical Temple.
  6180 | D:7      | Reached skill level 10 in Polearms
  6523 | D:8      | Reached ***** piety under Trog
  6523 | D:8      | Reached XP level 10. HP: 86/88 MP: 9/9
  6665 | D:8      | Received a gift from Trog
  7102 | D:8      | Found a staircase to the Lair.
  7105 | D:8      | Noticed a two-headed ogre
  7108 | D:8      | Reached skill level 11 in Polearms
  7119 | D:8      | Killed a two-headed ogre
  7387 | D:8      | Found a bloodstained altar of Trog.
  7459 | D:8      | Reached skill level 12 in Polearms
  7696 | Lair:1   | Entered Level 1 of the Lair of Beasts
  8061 | Lair:1   | Noticed a four-headed hydra
  8069 | Lair:1   | Killed a six-headed hydra
  8069 | Lair:1   | Reached XP level 11. HP: 99/99 MP: 10/10
  8133 | Lair:1   | Reached skill level 13 in Polearms
  8683 | Lair:2   | Reached skill level 10 in Fighting
  9385 | Lair:2   | Reached skill level 10 in Armour
  9699 | Lair:3   | Reached skill level 14 in Polearms
 10261 | Lair:3   | Found a hole to the Spider Nest.
 10423 | Lair:3   | Received a gift from Trog
 10423 | Lair:3   | Reached XP level 12. HP: 110/110 MP: 11/11
 10433 | Lair:3   | Reached skill level 15 in Polearms
 10811 | Lair:4   | Noticed a five-headed hydra
 10821 | Lair:4   | Killed a ten-headed hydra
 11074 | Lair:4   | Noticed a seven-headed hydra
 11081 | Lair:4   | Killed an 11-headed hydra
 11164 | Lair:4   | Got a pair of spiked gloves
 11180 | Lair:4   | Identified the +1 pair of gloves "Xuxkuv" {MR- Str+2 Int+4 Dex+2} (You found it on level 4 of the Lair of Beasts)
 11207 | Lair:4   | Noticed a five-headed hydra
 11217 | Lair:4   | Killed a 13-headed hydra
 11337 | Lair:4   | Noticed a catoblepas
 11347 | Lair:4   | Killed a catoblepas
 11401 | Lair:4   | Found a staircase to the Swamp.
 11434 | Lair:4   | Reached skill level 16 in Polearms
 11802 | Lair:4   | Noticed a seven-headed hydra
 11805 | Lair:4   | Killed a nine-headed hydra
 11994 | Lair:5   | Found a staircase to the Slime Pits.
 12012 | Slime:1  | Entered Level 1 of the Pits of Slime
 12041 | Slime:1  | Gained mutation: Armour fits poorly on your strangely shaped body. [a shining eye]
 12044 | Slime:1  | Gained mutation: You are clumsy. (Dex -2) [a shining eye]
 12045 | Slime:1  | Noticed an azure jelly
 12056 | Slime:1  | Killed an azure jelly
 12059 | Slime:1  | Noticed a great orb of eyes
 12069 | Slime:1  | Blown up by a great orb of eyes

Skill      XL: |  1  2  3  4  5  6  7  8  9 10 11 12 |
---------------+-------------------------------------+-----
Axes           | 4 5 6 7 |  7.2
Fighting       | 4 5 6 7 8 9 11 12 | 12.4
Armour         | 3 4 6 7 8 9 10 11 | 11.9
Dodging        | 3 4 |  4.4
Polearms       | 2 6 10 12 14 16 | 16.7
Throwing       | 1 2 3 4 |  4.2
Stealth        | 1 |  1.5

Action                   |  1- 3 |  4- 6 |  7- 9 | 10-12 || total
-------------------------+-------+-------+-------+-------++-------
Melee: Hand axe          |    75 |   124 |    32 |       ||   231
       Headbutt          |    17 |    20 |    57 |   102 ||   196
       Halberd           |       |       |   368 |   315 ||   683
       Glaive            |       |       |       |   177 ||   177
Throw: Javelin           |       |       |    28 |    14 ||    42
Invok: Berserk           |       |     3 |     4 |    14 ||    21
  Use: Scroll            |       |     1 |     3 |    13 ||    17
       Potion            |       |       |       |     3 ||     3
  Eat: Chunk             |       |     8 |    12 |    19 ||    39
       Ration            |       |       |     2 |     3 ||     5
Armor: Ring mail         |    11 |     2 |       |       ||    13
       Chain mail        |       |    59 |    97 |       ||   156
       Plate armour      |       |       |    63 |   288 ||   351
Dodge: Dodged            |    36 |    48 |   146 |   216 ||   446
